cohdb
Replays
Latest Replays
All Replays
Popular Replays
Top Player Replays
Match Explorer
How It Works
Community
CoH3 Stats
Reddit
Sign in to upload your games and track your stats! →
Sign in with Steam
Match 42495930
Unlisted
Match 42495930
Overview
Messages
Build Orders
End
Scout Squad
Construct Barracks
Selects Heavy Weapons
Riflemen Squad
Riflemen Squad
Construct Weapon Support Center
M1919 Machine Gun Team
Selects M2HB .50cal Heavy Machine Gun
M1919 Machine Gun Team
Infantry Support Center
M3 Armored Personnel Carrier
Construct Medical Station
K☢BY
geitje1
DappDapp
MuniekPL
|-J5D-| MAREK POLSKA
Husar
0
0
Comments
sign in to comment!
No comments posted yet!